Map: [ESL] NeoHumanity

Players

SKillous

  • Race: Protoss Protoss
  • Spawn Location: 11:00

Classic - Winner!

  • Race: Protoss Protoss
  • Spawn Location: 5:00

Event: ESL SC2 Masters 2023 Summer (Finals)

VOD

Have the link to the VOD?

Description

Time

  • Played on: June 17, 2023, 11:35 a.m.
  • Length: 10:43

All games in this series

Show
View Real Time Build Order
Export as new Build Order

SKillous Protoss 

Build Orders:  

Get SALT Encoding   

  12  0:00  Probe  
  13  0:12  Probe  
  14  0:17  Pylon  
  14  0:24  Probe  
  15  0:35  Gateway  
  15  0:39  Probe (Chrono Boost)  
  16  0:47  Probe (Chrono Boost)  
  16  0:48  Assimilator  
  17  0:53  Probe (Chrono Boost)  
  17  0:56  Assimilator  
  18  1:05  Probe (Chrono Boost)  
  18  1:07  Gateway  
  19  1:13  Probe (Chrono Boost)  
  20  1:19  Probe  
  20  1:25  Cybernetics Core  
  21  1:31  Probe  
  22  1:38  Pylon  
  22  1:43  Probe  
  23  1:56  Probe  
  24  2:02  Adept, Warp Gate, Stalker  
  28  2:12  Pylon  
  28  2:17  Shield Battery  
  28  2:21  Probe  
  29  2:32  Stalker  
  29  2:33  Probe  
  34  2:46  Probe  
  35  2:57  Nexus  
  31  2:59  Probe  
  31  3:01  Sentry  
  31  3:04  Sentry  
  36  3:13  Shield Battery  
  36  3:14  Probe  
  37  3:23  Shield Battery  
  35  3:35  Probe  
  35  3:37  Twilight Council  
  35  3:39  Pylon  
  36  3:47  Probe  
  37  3:48  Shield Battery  
  37  3:53  Stalker  
  39  3:57  Stalker  
  39  3:59  Probe (Chrono Boost)  
  39  4:10  Probe (Chrono Boost), Blink (Chrono Boost)  
  39  4:13  Probe (Chrono Boost)  
  39  4:15  Probe (Chrono Boost)  
  40  4:18  Shield Battery  
  40  4:22  Stalker  
  42  4:27  Probe (Chrono Boost)  
  42  4:28  Probe (Chrono Boost)  
  44  4:34  Stalker  
  44  4:38  Probe (Chrono Boost)  
  45  4:40  Probe (Chrono Boost)  
  45  4:42  Probe (Chrono Boost)  
  46  4:46  Shield Battery  
  46  4:50  Probe  
  47  4:54  Probe  
  47  4:56  Stalker  
  50  5:02  Probe  
  50  5:03  Stalker  
  50  5:06  Probe (Chrono Boost)  
  54  5:11  Pylon  
  54  5:14  Probe (Chrono Boost)  
  54  5:20  Stalker  
  58  5:24  Probe (Chrono Boost)  
  58  5:25  Probe (Chrono Boost)  
  58  5:27  Stalker  
  61  5:31  Probe (Chrono Boost)  
  61  5:34  Probe  
  63  5:45  Nexus  
  63  5:46  Pylon  
  63  5:49  Probe x2  
  65  5:51  Stalker  
  67  5:59  Stalker  
  67  6:01  Probe  
  67  6:02  Assimilator  
  70  6:04  Probe  
  70  6:07  Shield Battery  
  70  6:09  Pylon  
  71  6:13  Probe  
  71  6:15  Stalker  
  71  6:16  Probe  
  75  6:23  Stalker  
  75  6:26  Probe  
  75  6:28  Forge  
  75  6:31  Probe  
  77  6:38  Probe  
  76  6:41  Stalker  
  76  6:43  Probe  
  75  6:53  Probe (Chrono Boost), Protoss Ground Weapons Level 1 (Chrono Boost)  
  73  6:56  Probe (Chrono Boost), Gateway  
  73  6:58  Probe (Chrono Boost)  
  73  6:59  Gateway  
  73  7:00  Gateway  
  73  7:01  Gateway  
  73  7:07  Probe x2 (Chrono Boost)  
  73  7:08  Probe (Chrono Boost)  
  76  7:09  Stalker  
  76  7:12  Stalker  
  76  7:14  Probe  
  76  7:15  Probe x2  
  81  7:21  Robotics Facility  
  83  7:26  Probe  
  83  7:27  Probe, Pylon  
  83  7:28  Probe  
  86  7:33  Stalker  
  86  7:35  Stalker, Assimilator  
  90  7:43  Probe  
  91  7:49  Pylon  
  91  7:50  Stalker  
  93  7:57  Probe  
  94  7:59  Stalker x5  
  94  8:04  Nexus  
  102  8:07  Pylon  
  102  8:11  Probe  
  99  8:20  Stalker  
  99  8:21  Probe x2  
  99  8:23  Probe  
  99  8:26  Observer (Chrono Boost)  
  105  8:28  Stalker x3  
  105  8:33  Shield Battery  
  109  8:34  Stalker  
  111  8:42  Shield Battery  
  111  8:43  Stalker x2  
  111  8:44  Pylon  
  109  8:53  Stalker x3  
  111  9:00  Zealot  
  110  9:07  Stalker x2  
  92  9:17  Stalker x3  
  92  9:22  Probe x2  
  93  9:28  Stalker  
  81  9:37  Stalker x2  
  83  9:40  Stalker x3  
  81  9:55  Stalker  
  79  10:05  Stalker x5  
  81  10:22  Stalker  
  83  10:29  Stalker x4  
  83  10:33  Shield Battery  
  83  10:34  Stalker  
Show
View Real Time Build Order
Export as new Build Order

Classic Protoss - Winner!

Build Orders: Oracle Opening 

Get SALT Encoding   

  12  0:00  Probe  
  13  0:12  Probe  
  14  0:17  Pylon  
  14  0:24  Probe  
  15  0:35  Gateway  
  15  0:36  Probe (Chrono Boost)  
  16  0:46  Probe (Chrono Boost), Assimilator  
  17  0:51  Probe (Chrono Boost)  
  17  0:56  Assimilator  
  18  1:03  Probe (Chrono Boost)  
  19  1:08  Gateway  
  19  1:14  Probe (Chrono Boost)  
  20  1:18  Probe (Chrono Boost)  
  20  1:24  Cybernetics Core  
  21  1:29  Probe  
  22  1:35  Pylon  
  22  1:41  Probe  
  23  1:53  Probe  
  24  2:01  Adept x2, Warp Gate  
  28  2:11  Pylon  
  28  2:18  Stargate  
  28  2:31  Adept x2  
  31  2:59  Oracle (Chrono Boost)  
  34  3:07  Nexus  
  34  3:12  Probe  
  35  3:16  Pylon  
  35  3:24  Probe  
  34  3:30  Oracle (Chrono Boost)  
  37  3:36  Probe  
  37  3:37  Shield Battery  
  36  3:46  Twilight Council  
  36  3:56  Probe  
  37  4:05  Stalker x2  
  37  4:09  Probe  
  42  4:19  Blink (Chrono Boost)  
  42  4:21  Probe (Chrono Boost)  
  42  4:23  Probe (Chrono Boost)  
  45  4:32  Probe (Chrono Boost)  
  45  4:33  Probe (Chrono Boost)  
  45  4:37  Probe (Chrono Boost)  
  45  4:38  Probe (Chrono Boost)  
  46  4:44  Pylon  
  48  4:48  Probe  
  48  4:49  Stalker x2  
  48  4:50  Probe  
  54  5:00  Probe  
  54  5:02  Probe, Gateway  
  54  5:05  Assimilator  
  56  5:12  Probe  
  57  5:14  Probe, Stalker  
  57  5:16  Stalker  
  62  5:25  Pylon  
  62  5:28  Probe x2  
  64  5:42  Stalker x2  
  68  5:46  Nexus  
  68  5:55  Probe x2  
  70  5:58  Pylon, Stalker  
  70  5:59  Robotics Facility  
  72  6:07  Stalker x2  
  76  6:12  Probe x2  
  76  6:15  Pylon  
  76  6:28  Stalker  
  76  6:32  Stalker x2  
  82  6:34  Probe x2 (Chrono Boost), Charge  
  79  6:44  Probe x2 (Chrono Boost)  
  73  6:56  Stalker x3  
  73  7:00  Probe x3  
  80  7:05  Gateway  
  78  7:08  Gateway  
  78  7:10  Gateway  
  78  7:19  Probe x3, Gateway  
  78  7:20  Gateway, Stalker  
  83  7:23  Stalker  
  83  7:25  Stalker  
  87  7:31  Pylon, Observer (Chrono Boost)  
  87  7:34  Forge  
  88  7:47  Probe  
  88  7:48  Probe x2  
  88  7:49  Warp Prism (Chrono Boost), Stalker x3  
  99  7:57  Pylon  
  99  8:07  Nexus  
  99  8:21  Protoss Ground Weapons Level 1  
  99  8:22  Stalker x2  
  99  8:23  Zealot x2, Stalker x4  
  115  8:29  Unknown  
  115  8:32  Pylon  
  113  8:46  Zealot x3  
  113  8:47  Zealot x5  
  112  9:06  Probe x3  
  112  9:07  Zealot x8  
  125  9:16  Immortal  
  115  9:28  Stalker x4  
  115  9:29  Stalker x2  
  123  9:33  Zealot  
  123  9:34  Zealot  
  117  9:56  Immortal (Chrono Boost)  
  117  9:57  Zealot x4  
  117  9:58  Zealot x4  
  129  10:08  Probe x4  
  133  10:16  Templar Archives  
  131  10:22  Stalker x5  
  131  10:24  Zealot  
  131  10:28  Zealot x2  
Tags
 
Add a new tag
Caveats
  • Supply blocks, unpowered buildings, or Contaminate may cause inaccurate times.
  • Supply counts are checked every 10 seconds.